 Dungeon Crawl Stone Soup version 0.17.0-57-g0e89251 (webtiles) character file.

13839 WhatsThis the Nimble (level 11, -3/78 HPs)
             Began as a High Elf Skald on Nov 29, 2015.
             Was a Follower of Sif Muna.
             Slain by a yak (15 damage)
             ... on level 3 of the Lair of Beasts on Dec 7, 2015.
             The game lasted 04:14:05 (16641 turns).

WhatsThis the Nimble (High Elf Skald)              Turns: 16641, Time: 04:14:06

Health: -3/78      AC: 10    Str: 11    XL:     11   Next: 80%
Magic:  0/20       EV: 19    Int: 20    God:    Sif Muna [*.....]
Gold:   723        SH:  0    Dex: 15    Spells: 5 memorised, 10 levels left

rFire  . . .     SeeInvis .     f - +4 quarterstaff (chaos)
rCold  . . .     Clarity  .     V - +1 robe {MR+}
rNeg   + . .     SustAt   .     (shield currently unavailable)
rPois  .         Gourm    .     Z - +0 helmet
rElec  .         Spirit   +     i - +1 cloak
rCorr  .         Warding  .     S - +0 pair of gloves
rMut   .         Stasis   .     M - +1 pair of boots
MR     ++...                    D - amulet of guardian spirit
Stlth  +++.......               z - ring of positive energy
                                n - +4 ring of slaying

@: infused, singing, invisible, very resistant to hostile enchantments, fairly
stealthy
A: no striking features
a: Channel Energy, Renounce Religion, Stop Singing


You were on level 3 of the Lair of Beasts.
You worshipped Sif Muna.
Sif Muna was aware of your devotion.
You were not hungry.

You visited 3 branches of the dungeon, and saw 14 of its levels.
You also visited: Bailey.

You collected 749 gold pieces.
You spent 26 gold pieces at shops.

Inventory:

Hand Weapons
 f - a +4 quarterstaff of chaos (weapon)
 l - a +0 blowgun
 m - a +0 shortbow of flaming
 C - a +2 falchion of holy wrath
 H - a +0 hunting sling
 I - a +1 spear
 T - a +0 hand crossbow
Missiles
 p - 78 poisoned needles
 s - 128 bolts
 t - 257 arrows
 w - 20 tomahawks (quivered)
 O - 35 sling bullets
Armour
 i - a +1 cloak (worn)
 M - a +1 pair of boots (worn)
 S - a +0 pair of gloves (worn)
 V - a +1 robe of magic resistance (worn)
 Z - a +0 helmet (worn)
Magical Staves
 B - an uncursed staff of air
Jewellery
 n - a +4 ring of slaying (left hand)
 z - a ring of positive energy (right hand)
 D - an amulet of guardian spirit (around neck)
 F - a +4 ring of intelligence
 N - an uncursed ring of protection from magic
Wands
 u - a wand of digging (0)
 A - a wand of paralysis (0)
 E - a wand of draining (0)
 K - a wand of frost (18)
 L - a wand of slowing (28)
 Q - a wand of cold (4)
 U - a wand of disintegration (8)
 X - a wand of lightning (0)
 Y - a wand of magic darts (25)
Scrolls
 a - a scroll of magic mapping
 e - a scroll of recharging
 r - a scroll of fear
 G - 2 scrolls of immolation
 J - a scroll of holy word
 P - 2 scrolls of teleportation
 R - 2 scrolls of remove curse
Potions
 g - 2 potions of might
 o - 3 potions of flight
Books
 b - a book of Dreams

   Spells                             Type                      Level
   a - Ensorcelled Hibernation        Hexes/Ice                    2
   b - Phase Shift                    Translocation                5
   c - Shadow Creatures               Summoning                    5
   d - Silence                        Hexes/Air                    5
   e - Darkness                       Hexes                        6
   f - Mass Confusion                 Hexes                        6
 c - a book of Battle

   Spells                             Type                      Level
   a - Infusion                       Charms                       1
   b - Shroud of Golubria             Charms/Translocation         2
   c - Song of Slaying                Charms                       2
   d - Spectral Weapon                Hexes/Charms                 3
   e - Regeneration                   Charms/Necromancy            3
 h - a book of Party Tricks

   Spells                             Type                      Level
   a - Summon Butterflies             Summoning                    1
   b - Apportation                    Translocation                1
   c - Tukima's Dance                 Hexes                        3
   d - Alistair's Intoxication        Transmutation/Poison         4
   e - Invisibility                   Hexes                        6
 x - a Necronomicon

   Spells                             Type                      Level
   a - Haunt                          Necromancy/Summoning         7
   b - Borgnjor's Revivification      Necromancy                   8
   c - Death's Door                   Charms/Necromancy            8
   d - Necromutation                  Transmutation/Necromancy     8
 y - a book of Necromancy

   Spells                             Type                      Level
   a - Pain                           Necromancy                   1
   b - Animate Skeleton               Necromancy                   1
   c - Vampiric Draining              Necromancy                   3
   d - Regeneration                   Charms/Necromancy            3
   e - Animate Dead                   Necromancy                   4
   f - Control Undead                 Necromancy                   4
Comestibles
 d - a bread ration
 j - 3 meat rations
 q - 7 beef jerkies
 W - 30 fruits


   Skills:
 + Level 8.9 Fighting
   Level 3.4 Short Blades
 + Level 9.8 Staves
 + Level 1.8 Bows
 + Level 0.4 Throwing
 + Level 5.6 Armour
 + Level 10.3 Dodging
 + Level 5.9 Stealth
 + Level 5.5 Spellcasting
 + Level 0.4 Hexes
 + Level 6.0 Charms
 + Level 0.7 Translocations
 + Level 0.2 Invocations
 + Level 1.6 Evocations


You had 10 spell levels left.
You knew the following spells:

 Your Spells              Type           Power        Failure   Level  Hunger
a - Infusion              Chrm           ####..       1%          1    None
b - Song of Slaying       Chrm           ####....     1%          2    None
c - Shroud of Golubria    Chrm/Tloc      ###.......   4%          2    None
d - Spectral Weapon       Hex/Chrm       ###.....     10%         3    ##.....
e - Tukima's Dance        Hex            #.......     30%         3    ##.....


Dungeon Overview and Level Annotations

Branches:
Dungeon (10/15)            Temple (1/1) D:5            Lair (3/8) D:10
  Swamp: Lair:3-6    Shoals: Lair:3-6     Snake: Lair:3-6    Spider: Lair:3-6
    Orc: D:9-12

Altars:
Ashenzari
Cheibriados
Dithmenos
Elyvilon
Fedhas
Gozag
Kikubaaqudgha
Makhleb
Nemelex Xobeh
Okawaru
Qazlal
Ru
Sif Muna
Trog
Vehumet
Xom
Yredelemnul
Zin
The Shining One

Shops:
D:8 *


Message History

You draw out your weapon's spirit!
The yak gores you! The yak misses you. The yak gores you!
You swap places.
The yak gores your spectral weapon.
Your spectral weapon shares its damage with you!
The yak gores your spectral weapon.
Your spectral weapon shares its damage with you!
You swap places.
The yak gores you!
* * * LOW HITPOINT WARNING * * *
The yak gores you.
* * * LOW HITPOINT WARNING * * *
You swap places.
The yak gores your spectral weapon but does no damage.
The yak gores your spectral weapon!!
Your spectral weapon shares its damage with you!
Your spectral weapon fades away.
* * * LOW HITPOINT WARNING * * *
You open the door.
You fade into invisibility!
The yak gores you!
You die...

# ######### ### ##
.##P#.#P#########.###.##.##
...........YYY.Y...........
#...####....#.##@.#.##...#
##...#.##...##.Y'...##...#
#......P#..Y##............#
.......##.Y.#.......##...##
.......##.......).$.# ..Y.
#......#P...........# .+.
...[...##....#......# .#
.......##....#####.## .
...##?###..... #.P#


You could see 5 yaks.

Vanquished Creatures
  2 hill giants (D:10)
  Pikel (D:7)
  The ghost of comborobin the Conjurer, a novice DgAE (D:6)
  A griffon (D:10)
  A gargoyle (D:6)
  2 spiny frogs
  A fire drake (Lair:2)
  A two-headed ogre (D:10)
  9 blink frogs (Lair:2)
  Sigmund (D:4)
  11 yaks
  2 basilisks (Lair:2)
  3 hippogriffs
  2 water moccasins
  2 slaves (D:7)
  A black bear (D:9)
  6 ice beasts
  4 orc warriors
  6 ogres
  4 porcupines
  An eye of draining (D:10)
  A sky beast (D:9)
  A necrophage (D:10)
  3 crocodiles
  6 centaurs
  4 big kobolds
  11 giant frogs
  A wyvern skeleton (D:10)
  6 wights
  A jelly (D:9)
  3 scorpions
  3 crimson imps
  2 quasits
  3 orc priests
  2 giant frog skeletons
  Crazy Yiuf (D:2)
  3 hounds
  A gnoll shaman (D:10)
  5 orc wizards
  Jessica (D:2)
  7 worker ants
  Natasha (thrice) (D:2)
  4 iguanas
  3 hound zombies
  A worker ant zombie (D:5)
  10 river rats (Lair:2)
  14 adders
  13 gnolls
  11 white imps (Lair:1)
  An ufetubus (Lair:1)
  2 worms
  6 giant geckos
  36 orcs
  7 bats
  9 giant cockroaches
  11 goblins
  11 hobgoblins
  8 jackals
  28 kobolds
  2 ball pythons
  A giant gecko skeleton (D:4)
  7 giant newts
  A jackal skeleton (D:4)
  A jackal zombie (D:5)
  6 quokkas
  2 quokka skeletons
  A quokka zombie (D:7)
  9 rats
  A fungus (Lair:2)
  A plant (D:10)
337 creatures vanquished.

Vanquished Creatures (collateral kills)
  A hydra (Lair:2)
  A bat (D:2)
2 creatures vanquished.

Vanquished Creatures (others)
  A black bear (D:5)
  A crimson imp (D:7)
  A quokka (D:8)
  2 fungi (Lair:2)
  7 plants
  A spectral weapon (Lair:3)
13 creatures vanquished.

Grand Total: 352 creatures vanquished

Notes
Turn   | Place    | Note
--------------------------------------------------------------
     0 | D:1      | WhatsThis the High Elf Skald began the quest for the Orb.
     0 | D:1      | Reached XP level 1. HP: 14/14 MP: 4/4
   181 | D:1      | Reached XP level 2. HP: 9/19 MP: 6/6
   592 | D:1      | Reached skill level 1 in Armour
   835 | D:1      | Learned a level 2 spell: Song of Slaying
   838 | D:1      | Learned a level 2 spell: Shroud of Golubria
   908 | D:1      | Reached XP level 3. HP: 25/25 MP: 8/8
  1052 | D:1      | what
  1110 | D:2      | Found a faded altar to an unknown god.
  1587 | D:2      | Noticed Crazy Yiuf
  1607 | D:2      | Killed Crazy Yiuf
  1607 | D:2      | Reached XP level 4. HP: 6/30 MP: 1/9
  1977 | D:2      | Noticed Natasha
  1993 | D:2      | Killed Natasha
  2219 | D:2      | Your ally Natasha died
  2224 | D:2      | Reached skill level 1 in Stealth
  2344 | D:2      | Noticed Natasha
  2361 | D:2      | Killed Natasha
  2491 | D:2      | Noticed Natasha
  2502 | D:2      | Killed Natasha
  2578 | D:2      | Reached XP level 5. HP: 29/35 MP: 10/10
  2697 | D:2      | Noticed Jessica
  2710 | D:2      | Killed Jessica
  2927 | D:3      | Reached skill level 1 in Staves
  3126 | D:3      | Found a shimmering altar of Xom.
  3409 | D:3      | Learned a level 3 spell: Spectral Weapon
  3428 | D:4      | Reached XP level 6. HP: 28/42 MP: 11/11
  3430 | D:4      | Noticed an ogre
  3449 | D:4      | Killed an ogre
  3700 | D:4      | Found a snail-covered altar of Cheibriados.
  3846 | D:4      | Reached XP level 7. HP: 38/46 MP: 12/12
  4055 | D:4      | Noticed an ice beast
  4086 | D:4      | Killed an ice beast
  4254 | D:4      | Noticed Sigmund
  4357 | D:4      | Reached skill level 4 in Dodging
  4363 | D:4      | Killed Sigmund
  4605 | D:4      | Found a basalt altar of Yredelemnul.
  4668 | D:5      | Entered Level 5 of the Dungeon
  5220 | D:5      | Reached XP level 8. HP: 31/54 MP: 13/13
  5487 | D:5      | Found a staircase to the Ecumenical Temple.
  5938 | Temple   | Entered the Ecumenical Temple
  6087 | Temple   | Became a worshipper of Sif Muna the Loreminder
  6092 | Temple   | Learned a level 3 spell: Regeneration
  6256 | D:6      | Noticed comborobin's ghost (novice DgAE)
  6271 | D:6      | Killed comborobin's ghost
  6271 | D:6      | Reached skill level 5 in Dodging
  6474 | D:6      | Reached skill level 5 in Armour
  6509 | D:6      | Reached skill level 5 in Staves
  6733 | D:6      | Reached skill level 5 in Fighting
  6855 | D:6      | Reached XP level 9. HP: 57/61 MP: 15/15
  6866 | D:6      | Found an iron altar of Okawaru.
  7079 | D:6      | Noticed a gargoyle
  7093 | D:6      | Killed a gargoyle
  7093 | D:6      | Reached skill level 6 in Dodging
  7556 | D:7      | Found a blossoming altar of Fedhas.
  7789 | D:7      | Noticed Pikel
  7845 | D:7      | Learned a level 7 spell: Haunt
  7872 | D:7      | Killed Pikel
  8203 | D:8      | Found a white marble altar of Elyvilon.
  8330 | D:8      | Reached skill level 7 in Dodging
  8721 | D:8      | Found Cib Osef's Assorted Antiques.
  8791 | D:8      | Bought a scroll labeled POICUELOZAGGO for 26 gold pieces
  8808 | D:8      | Upgraded the game from 0.17.0-28-g6e173f8 to 0.17.0-57-g0e89251
  9299 | D:8      | Learned a level 3 spell: Tukima's Dance
  9706 | D:9      | Reached XP level 10. HP: 50/69 MP: 7/17
 10069 | D:9      | Reached skill level 5 in Charms
 10899 | D:10     | Entered Level 10 of the Dungeon
 10926 | D:10     | Found a flagged portal.
 10954 | D:10     | Reached skill level 8 in Dodging
 10988 | D:10     | Noticed a hill giant
 11003 | D:10     | Killed a hill giant
 11071 | Bailey   | Entered a bailey
 11175 | Bailey   | Noticed WereVolvo's ghost (novice DgTm)
 11621 | D:10     | Reached skill level 1 in Bows
 11743 | D:10     | Reached skill level 5 in Stealth
 11771 | D:10     | Found a staircase to the Lair.
 11863 | D:10     | Reached skill level 5 in Spellcasting
 11929 | D:10     | Noticed a griffon
 11939 | D:10     | Killed a griffon
 12418 | D:10     | Noticed a hill giant
 12425 | D:10     | Killed a hill giant
 12425 | D:10     | Reached * piety under Sif Muna
 12713 | D:10     | Reached skill level 9 in Dodging
 12721 | Lair:1   | Entered Level 1 of the Lair of Beasts
 12721 | Lair:1   | Found a frozen archway.
 12826 | Lair:1   | Reached XP level 11. HP: 57/75 MP: 16/20
 14164 | Lair:1   | Found a sacrificial altar of Ru.
 14964 | Lair:2   | Reached skill level 1 in Evocations
 15532 | Lair:2   | Noticed a five-headed hydra
 15915 | Lair:2   | Reached skill level 10 in Dodging
 16000 | Lair:2   | Killed a five-headed hydra
 16641 | Lair:3   | Slain by a yak

Action                   |  1- 3 |  4- 6 |  7- 9 | 10-12 || total
-------------------------+-------+-------+-------+-------++-------
Melee: Short sword       |   171 |       |       |       ||   171
       Quarterstaff      |       |   124 |   314 |   521 ||   959
 Fire: Shortbow          |       |       |       |    19 ||    19
Throw: Throwing net      |       |       |       |     1 ||     1
 Cast: Infusion          |     1 |     1 |     5 |     9 ||    16
       Song of Slaying   |     1 |       |    10 |    12 ||    23
       Shroud of Golubri |       |     1 |       |     1 ||     2
       Spectral Weapon   |       |       |       |     2 ||     2
Invok: Channel Energy    |       |       |       |     1 ||     1
Evoke: Wand              |       |       |     1 |    19 ||    20
       Phantom mirror    |       |       |       |     1 ||     1
  Use: Scroll            |     5 |     7 |    16 |    13 ||    41
       Potion            |       |     1 |     5 |     3 ||     9
 Stab: Distracted        |     1 |       |     1 |       ||     2
       Petrifying        |       |     1 |     1 |     2 ||     4
       Sleeping          |       |     1 |     5 |     4 ||    10
       Paralysed         |       |       |     2 |     9 ||    11
       Confused          |       |       |       |     1 ||     1
  Eat: Chunk             |     2 |     6 |     3 |     1 ||    12
       Fruit             |       |     2 |     2 |     1 ||     5
       Bread ration      |       |       |     4 |     4 ||     8
